 Dungeon Crawl Stone Soup version 0.17.1-3-g152610e (webtiles) character file.

181 inmateoo the Insei (level 5, 0/34 HPs)
             Began as an Octopode Transmuter on Feb 20, 2016.
             Was a Follower of Cheibriados.
             Succumbed to poison (a potion of poison)
             ... on level 3 of the Dungeon.
             The game lasted 00:04:46 (2473 turns).

inmateoo the Insei (Octopode Transmuter)            Turns: 2473, Time: 00:04:47

Health: 0/34       AC:  1    Str: 17    XL:     5   Next: 61%
Magic:  5/9        EV: 13    Int: 20    God:    Cheibriados [*.....]
Gold:   75         SH:  0    Dex: 15    Spells: 3 memorised, 3 levels left

rFire  . . .     SeeInvis .       - Unarmed
rCold  . . .     Clarity  .     (no shield)
rNeg   . . .     SustAt   .     (helmet restricted)
rPois  .         Gourm    .     (no amulet)
rElec  .         Spirit   .     (no ring)
rCorr  .         Warding  .     (no ring)
rMut   .         Stasis   .     (no ring)
MR     .....                    (no ring)
Stlth  ++........               (no ring)
                                (no ring)
                                (no ring)
                                (no ring)

@: mighty, lethally poisoned (0 -> -8), very slightly contaminated, very slow,
not resistant to hostile enchantments, unstealthy
A: almost no armour, amphibious, 8 rings, constrict 8, camouflage 1, gelatinous
body 1
a: Bend Time, Renounce Religion


You were on level 3 of the Dungeon.
You worshipped Cheibriados.
Cheibriados was aware of your devotion.
You were not hungry.

You visited 1 branch of the dungeon, and saw 3 of its levels.

You collected 75 gold pieces.

Inventory:

Missiles
 a - 38 arrows
Jewellery
 d - an uncursed amulet of stasis
 o - an uncursed ring of teleportation
Scrolls
 k - a scroll of teleportation
 l - a scroll of amnesia
Potions
 m - a potion of berserk rage {unknown}
Books
 b - a book of Changes

   Spells                             Type                      Level
   a - Beastly Appendage              Transmutation                1
   b - Sticks to Snakes               Transmutation                2
   c - Spider Form                    Transmutation/Poison         3
   d - Ice Form                       Ice/Transmutation            4
   e - Blade Hands                    Transmutation                5
Comestibles
 c - 4 bread rations
 f - a beef jerky
 g - a meat ration
 i - a slice of pizza


   Skills:
 + Level 2.2 Fighting
 + Level 2.6 Dodging
 + Level 3.7 Unarmed Combat
 + Level 2.7 Spellcasting
 * Level 3.7 Transmutations


You had 3 spell levels left.
You knew the following spells:

 Your Spells              Type           Power        Failure   Level  Hunger
a - Beastly Appendage     Trmt           ###...       3%          1    None
b - Sticks to Snakes      Trmt           ###.......   6%          2    ##.....
c - Spider Form           Trmt/Pois      ##........   21%         3    ###....


Dungeon Overview and Level Annotations

Branches:
Dungeon (3/15)

Altars:
Cheibriados
Makhleb
Okawaru
Qazlal
The Shining One


Innate Abilities, Weirdness & Mutations

You cannot wear most types of armour.
You are amphibious.
You can wear up to eight rings at the same time.
You can use your tentacles to constrict eight enemies at once.
Your skin changes colour to match your surroundings (Stealth).
Your rubbery body absorbs attacks (AC +1).


Message History

The gnoll misses you. The gnoll hits you with a flail!
You bite the gnoll!
The gnoll is poisoned.
The gnoll is severely wounded.
The gnoll hits you but does no damage.
You hit the gnoll.
The gnoll looks even sicker.
The gnoll is heavily wounded.
Your transformation has ended.
The gnoll hits you with a flail!
* * * LOW HITPOINT WARNING * * *
The gnoll barely misses you.
Drink which item? (? for menu, Esc to quit)
It was a potion of poison.
That liquid tasted very nasty...
You are lethally poisoned!
* * * LOW HITPOINT WARNING * * *
You feel sick. The gnoll completely misses you. The gnoll barely misses you.
Drink which item? (? for menu, Esc to quit)
It was a potion of might.
You feel very mighty all of a sudden.
You die...

.....#....#E#...#E#
#........
..........###...####
#..g.....
.....###...........# ....
.....# #.#...._....# ..go
.....###.#.........# ..K..
.....'....###...#####g.o..
.....###.##E#...#E#.......
##'#.# #..###...###.......
#...# ###.##>..@gKw......
###.# #.##....g(.##### ###
#.##.......# #..........#
#####......# #......#
#......# ########


You could see an air elemental, a worm, 2 gnolls, an orc (wandering) and a
kobold.

Vanquished Creatures
  A crimson imp (D:2)
  A centaur skeleton (D:3)
  3 adders (D:2)
  2 gnolls (D:3)
  An ooze (D:3)
  A worm (D:2)
  A giant gecko (D:2)
  3 orcs (D:3)
  2 ball pythons
  3 bats (D:2)
  6 giant cockroaches
  7 hobgoblins
  A quokka (D:3)
  7 giant newts
  8 goblins
  3 kobolds (D:1)
  12 rats
62 creatures vanquished.

Vanquished Creatures (collateral kills)
  An adder (D:2)
  A kobold (D:2)
  A giant newt (D:2)
3 creatures vanquished.

Grand Total: 65 creatures vanquished

Notes
Turn   | Place    | Note
--------------------------------------------------------------
     0 | D:1      | inmateoo the Octopode Transmuter began the quest for the Orb.
     0 | D:1      | Reached XP level 1. HP: 13/13 MP: 3/3
   289 | D:1      | Reached XP level 2. HP: 13/18 MP: 5/5
   295 | D:1      | Learned a level 2 spell: Sticks to Snakes
   985 | D:2      | Reached XP level 3. HP: 19/23 MP: 3/6
   994 | D:2      | Learned a level 3 spell: Spider Form
  1135 | D:2      | Found a snail-covered altar of Cheibriados.
  1135 | D:2      | Found a glowing golden altar of the Shining One.
  1139 | D:2      | Became a worshipper of Cheibriados the Contemplative
  1177 | D:2      | Found a burning altar of Makhleb.
  1183 | D:2      | Reached XP level 4. HP: 24/29 MP: 7/7
  1285 | D:2      | Found an iron altar of Okawaru.
  2032 | D:3      | Reached * piety under Cheibriados
  2032 | D:3      | Reached XP level 5. HP: 30/34 MP: 6/9
  2384 | D:3      | Noticed a water elemental
  2385 | D:3      | Found a stormy altar of Qazlal.
  2386 | D:3      | Noticed a fire elemental
  2387 | D:3      | Noticed an air elemental
  2387 | D:3      | Noticed an earth elemental
  2472 | D:3      | HP: 1/34 [poison (a potion of poison)]
  2473 | D:3      | Succumbed to poison (a potion of poison)

Action                   |  1- 3 |  4- 6 || total
-------------------------+-------+-------++-------
Melee: Unarmed           |    52 |    83 ||   135
 Cast: Sticks to Snakes  |     2 |     4 ||     6
       Spider Form       |       |     8 ||     8
       Beastly Appendage |       |     2 ||     2
  Use: Scroll            |     3 |     5 ||     8
       Potion            |       |     2 ||     2
 Stab: Sleeping          |     4 |     5 ||     9
  Eat: Chunk             |     1 |     5 ||     6
